 Dungeon Crawl Stone Soup version 0.25-a0-942-g87a53962fc (webtiles) character file.

Game seed: 6031869410336584123, levelgen mode: deterministic

11 Maedhros the Sneak (level 2, 0/18 HPs)
             Began as an Octopode Artificer on May 6, 2020.
             Hit by a boomerang thrown by an orc (8 damage)
             ... on level 3 of the Dungeon.
             The game lasted 00:00:40 (75 turns).

Maedhros the Sneak (Octopode Artificer)               Turns: 75, Time: 00:00:41

Health: 0/18       AC:  1    Str: 11    XL:     2   Next: 29%
Magic:  4/4        EV: 13    Int: 13    God:
Gold:   7          SH:  0    Dex: 12    Spells: 1/1 levels left

rFire    . . .     SeeInvis .   a - +0 short sword
rCold    . . .     Gourm    .   (no shield)
rNeg     . . .     Faith    .   (helmet restricted)
rPois    .         Spirit   .   (no amulet)
rElec    .         Reflect  .   (no ring)
rCorr    .         Harm     .   (no ring)
MR       .....                  (no ring)
Stlth    +++.......             (no ring)
HPRegen  0.06/turn              (no ring)
MPRegen  0.09/turn              (no ring)
                                (no ring)
                                (no ring)

@: no status effects
A: almost no armour, stealthy swim, amphibious, 8 rings, constrict 8, camouflage
1, gelatinous body 1
a: no special abilities


You were on level 3 of the Dungeon.
You were not hungry.

You visited 1 branch of the dungeon, and saw 3 of its levels.

You collected 7 gold pieces.

Inventory:

Hand Weapons
 a - a +0 short sword (weapon)
Missiles
 e - 6 poisoned darts (quivered)
Wands
 b - a wand of flame (14)
 c - a wand of enslavement (15)
 d - a wand of random effects (15)
Comestibles
 f - 2 rations


   Skills:
 - Level 1.0 Fighting
 - Level 1.0 Short Blades
 - Level 2.0 Dodging
 + Level 3.3 Stealth
 - Level 3.2 Evocations


You had one spell level left.
You didn't know any spells.
Your spell library was empty.

Dungeon Overview and Level Annotations

Branches:
Dungeon (2/15)

Altars:


Innate Abilities, Weirdness & Mutations

You cannot wear most types of armour.
You are very stealthy in the water. (Stealth+)
You are amphibious.
You can wear up to eight rings at the same time.
You can use your tentacles to constrict eight enemies at once.
Your skin changes colour to match your surroundings (Stealth+).
Your rubbery body absorbs attacks. (AC +1, EV +1)


Message History

Things that are here:
a +0 dagger of flaming; 6 poisoned darts
e - 6 poisoned darts The rat completely misses you.
You hit the rat.
You kill the rat!
You barely miss the hobgoblin. You grab the hobgoblin.
You constrict the hobgoblin. The hobgoblin hits you with a +0 club.
You hit the hobgoblin.
The hobgoblin is severely wounded.
You constrict the hobgoblin.
You kill the hobgoblin!
You see here a +0 club.
Unknown command. 2 orcs come into view.
The orc shouts!
The orc throws a boomerang.
The boomerang closely misses you.
The weapon returns to the orc!
The orc throws a boomerang.
The boomerang hits you!
You die...

# ## ..# ###### #####.#
#..... # # #.....#####
#..... #.#.#.........#
#.....
##....@........###.....
........................
...........#....###.....
........#........†..^...
........###.....#####...
#.##....# #....######...
# #...####.............
.o### #...............
.. #...............


You could see an orc.

Vanquished Creatures
  An ooze (D:3)
  A bat (D:2)
  A goblin (D:2)
  A hobgoblin (D:3)
  A kobold (D:3)
  2 rats (D:3)
7 creatures vanquished.

Notes
Turn   | Place    | Note
-------+----------+-------------------------------------------
     0 | D:1      | Maedhros the Octopode Artificer began the quest for the
                  | Orb.
     0 | D:1      | Reached XP level 1. HP: 13/13 MP: 3/3
    21 | D:2      | You fall into a shaft and drop 1 floor!
    32 | D:3      | Reached XP level 2. HP: 11/18 MP: 4/4
    75 | D:3      | Hit by a boomerang thrown by an orc

Levels and vault maps discovered:
D:1:      dpeg_arrival_water_fire, layout_basic
D:2:      layout_rooms, okawaru_gym_becter, first_ration, st_stairs_13,
          uniq_natasha
D:3:      layout_basic, lemuel_crystal_altar, elyvilon_altar_4

Skill      XL: |  1 |
---------------+----+-----
Stealth        | 3 |  3.3
Fighting       | |  1.0
Short Blades   | |  1.0
Dodging        | |  2.0
Evocations     | |  3.2

Action                   || total
-------------------------++-------
Melee: Short sword       ||    12
       Tentacles         ||     2
       Constrict         ||     3
Evoke: Wand              ||     1
Armor: Skin              ||     5
Dodge: Dodged            ||     4

Table legend:
 A = Non-vault XP
 B = Vault XP
 C = Vault XP percentage of total XP
 D = Non-vault monster count
 E = Vault monster count
 F = Vault count percentage of total count
                 A         B        C        D         E       F
            +---------+---------+-------+---------+---------+-------
      Total |      13 |       4 |  23.5 |       5 |       2 |  28.6
            +---------+---------+-------+---------+---------+-------
        D:2 |       0 |       4 | 100.0 |       0 |       2 | 100.0
        D:3 |      13 |       0 |   0.0 |       5 |       0 |   0.0
            +---------+---------+-------+---------+---------+-------
